 Dungeon Crawl Stone Soup version 0.28-a0-1382-g92835e5c71 (webtiles) character file.

Game seed: 15787863695680391648

774 gruber the Magician (level 8, -2/59 HPs)
             Began as a Djinni Hedge Wizard on Jan 2, 2022.
             Slain by an elf zombie (4 damage)
             ... on level 5 of the Dungeon.
             The game lasted 00:09:11 (8026 turns).

gruber the Magician (Djinni Hedge Wizard)           Turns: 8026, Time: 00:09:12

Health: -2/59      AC:  3    Str:  9    XL:     8   Next: 10%
Gold:   236        EV: 12    Int: 18    God:
                   SH:  0    Dex: 13

rFire   + . .      SeeInvis .   p - +3 flail
rCold   . . .      Faith    .   (no shield)
rNeg    . . .      Spirit   .   b - +0 robe
rPois   ∞          Reflect  .   y - +0 helmet
rElec   .          Harm     .   (no cloak)
rCorr   .          Rampage  .   (no gloves)
Will    .....                   (boots unavailable)
Stlth   ++........              (no amulet)
HPRegen 0.19/turn               G - ring of ice
MPRegen 0.00/turn               (no ring)

@: flying
A: sickness immunity, fire resistance 2, cold vulnerability 1, float, innate
caster, hp casting, extra vitality 1
a: no special abilities


You were on level 5 of the Dungeon.
You visited 1 branch of the dungeon, and saw 5 of its levels.

You collected 236 gold pieces.

Inventory:

Hand Weapons
 a - a +0 dagger
 p - a +3 flail (weapon)
Missiles
 A - 25 poisoned darts
Armour
 b - a +0 robe (worn)
 c - a +0 hat
 y - a +0 helmet (worn)
Jewellery
 E - a ring of fire
 G - a ring of ice (left hand)
Wands
 l - a wand of iceblast (6)
Scrolls
 g - a scroll of enchant weapon {unknown}
 i - 4 scrolls of noise {unknown}
 j - 2 scrolls of enchant armour {unknown}
 k - a scroll of immolation {unknown}
 m - 2 scrolls of vulnerability {unknown}
 q - a scroll of amnesia {unknown}
 r - 3 scrolls of fear {unknown}
 u - 3 scrolls of magic mapping {unknown}
 w - a scroll of silence {unknown}
 x - 2 scrolls of identify {unknown}
Potions
 d - a potion of flight {unknown}
 e - 2 potions of might {unknown}
 f - 3 potions of berserk rage {unknown}
 h - a potion of curing {unknown}
 n - 2 potions of brilliance {unknown}
 o - a potion of mutation {unknown}
 s - a potion of haste {unknown}
 t - a potion of degeneration {unknown}
 v - a potion of cancellation {unknown}
 z - a potion of heal wounds {unknown}
 B - a potion of ambrosia {unknown}
 C - a potion of invisibility {unknown}
 D - 2 potions of magic {unknown}
 F - a potion of lignification {unknown}


   Skills:
 - Level 5.0 Fighting
 - Level 2.1 Dodging
 - Level 1.5 Stealth
 * Level 5.6 Spellcasting


You couldn't memorise any spells.
You knew the following spells:

 Your Spells              Type           Power      Damage    Failure   Level
a - Magic Dart            Conj           100%       1d8       1%          1
b - Blink                 Tloc           50%        N/A       1%          2
c - Call Imp              Summ           25%        N/A       1%          2
d - Slow                  Hex            100%       N/A       1%          1
e - Conjure Flame         Conj/Fire      25%        6-21      3%          3
f - Mephitic Cloud        Conj/Pois/Air  25%        N/A       3%          3
g - Shock                 Conj/Air       100%       1d9       1%          1
h - Searing Ray           Conj           50%        2d6       1%          2
i - Ozocubu's Armour      Ice            38%        N/A       3%          3
Your spell library was empty.

Dungeon Overview and Level Annotations

Branches:
Dungeon (5/15)
 Temple: D:4-7

Altars:
Hepliaklqana
Ru

Shops:
D:1 =**[*   D:2 [

Portals:
Ossuary: D:5


Innate Abilities, Weirdness & Mutations

You are immune to sickness and miasma.
You are immune to poison.
Your flesh is very heat resistant. (rF++)
You are vulnerable to cold. (rC-)
You float through the air rather than walking.
You learn spells naturally, not from books.
Your magical power is your life essence.
You have superior vitality. (+4 MHP)


Message History

Casting: Searing Ray (safe; 1% risk of failure)
Confirm with . or Enter, or press ? or * to list all spells.
Aiming: Searing Ray (safe; 1% risk of failure)
Press: ? - help, Shift-Dir - straight line, f - elf zombie
Aim: an elf zombie (79% to hit)
The searing ray hits the elf zombie.
The elf zombie is lightly damaged. (Press . to maintain the ray.)
* * * LOW HITPOINT WARNING * * *
The human skeleton hits you but does no damage.
The elf zombie barely misses you.
The searing ray hits the elf zombie.
The elf zombie is lightly damaged.
* * * LOW HITPOINT WARNING * * *
The human skeleton closely misses you. The elf zombie hits you.
* * * LOW HITPOINT WARNING * * *
The searing ray hits the elf zombie!
The elf zombie is lightly damaged.
* * * LOW HITPOINT WARNING * * *
The human skeleton barely misses you. The elf zombie hits you!
* * * LOW HITPOINT WARNING * * *
The searing ray hits the elf zombie.
The elf zombie is moderately damaged.
* * * LOW HITPOINT WARNING * * *
You finish channelling your searing ray.
The human skeleton hits you.
* * * LOW HITPOINT WARNING * * *
Unknown command.
Unknown command.
Casting: Searing Ray (safe; 1% risk of failure)
Confirm with . or Enter, or press ? or * to list all spells.
Aiming: Searing Ray (safe; 1% risk of failure)
Press: ? - help, Shift-Dir - straight line, f/p - elf zombie
Aim: an elf zombie (moderately damaged, 79% to hit)
The searing ray hits the elf zombie.
The elf zombie is moderately damaged. (Press . to maintain the ray.)
* * * LOW HITPOINT WARNING * * *
The elf zombie hits you.
You die...

# # ..# ...
######### #.#
#∩Z@#.#.# #
###Z#'#'# ..
#.'...'.##. ..
###...####. #
#.'...'.##.
#.#+#'####. #.# #.+
#. #'########.
#..........#########


You could see an elf zombie and a human skeleton.

Vanquished Creatures
  An ice beast (D:5)
  A centaur (D:5)
  2 phantoms
  2 bullfrog zombies (D:5)
  An iguana (D:4)
  3 human skeletons (D:5)
  Robin (D:3)
  11 gnolls
  3 adders
  An ufetubus (D:4)
  An adder skeleton (D:4)
  A worm (D:3)
  3 dart slugs
  16 orcs
  8 ball pythons
  5 endoplasms
  3 giant cockroaches
  21 goblins
  8 hobgoblins
  10 jackals
  6 kobolds
  4 quokkas
  6 bats
  3 frilled lizards
  8 rats
129 creatures vanquished.

Vanquished Creatures (others)
  10 fungi (D:3)
10 creatures vanquished.

Grand Total: 139 creatures vanquished

Notes
Turn   | Place    | Note
-------+----------+-------------------------------------------
     0 | D:1      | gruber the Djinni Hedge Wizard began the quest for the Orb.
     0 | D:1      | Reached XP level 1. HP: 15/15 MP: 0/0
   149 | D:1      | Found Buhul's Jewellery Emporium.
   205 | D:1      | Reached skill level 1 in Fighting
   212 | D:1      | Reached XP level 2. HP: 12/22 MP: 0/0
   491 | D:1      | Found Qeosheva's Assorted Antiques.
   518 | D:1      | Found Ceakk's General Store.
   806 | D:1      | Reached XP level 3. HP: 17/29 MP: 0/0
   806 | D:1      | Learned a level 1 spell: Shock
  1236 | D:1      | Found Firphuceis's Armour Shoppe.
  1300 | D:1      | Found a faded altar of an unknown god.
  1345 | D:1      | Found Mezep's Assorted Antiques.
  1806 | D:2      | Found Passiv's Antique Armour Emporium.
  2564 | D:2      | Reached XP level 4. HP: 22/35 MP: 0/0
  4086 | D:3      | Reached XP level 5. HP: 33/41 MP: 0/0
  4086 | D:3      | Learned a level 2 spell: Searing Ray
  4293 | D:3      | Found a hazy altar of Hepliaklqana.
  5159 | D:3      | Found a sacrificial altar of Ru.
  5206 | D:3      | Reached skill level 5 in Fighting
  5628 | D:3      | Reached XP level 6. HP: 45/49 MP: 0/0
  5647 | D:3      | Noticed Robin
  5777 | D:3      | Killed Robin
  6996 | D:4      | Reached XP level 7. HP: 29/54 MP: 0/0
  6996 | D:4      | Learned a level 3 spell: Ozocubu's Armour
  7511 | D:5      | Entered Level 5 of the Dungeon
  7862 | D:5      | Reached skill level 5 in Spellcasting
  7989 | D:5      | Reached XP level 8. HP: 36/59 MP: 0/0
  8021 | D:5      | Found a sand-covered staircase.
  8026 | D:5      | Slain by an elf zombie

Illustrated notes

Levels and vault maps discovered:
D:1:      kilobyte_arrival_exit_the_forest, layout_loops_ring, serial_shops,
          nicolae_shop_statue_plus, shop_fountains,
          nicolae_shop_temple_entry_statues_fountains, shop, shop,
          dreamdust_ecumenical_altar_grove
D:2:      layout_basic, serial_shops, nicolae_shop_trees
D:3:      kennysheep_goblin_castle, layout_loops_corners,
          nicolae_ru_awakened_eye, mainiacjoe_overflow_chevrons,
          dk_noncrumbling_4, kennysheep_nondescript
D:4:      layout_rooms
D:5:      layout_loops_ring, nicolae_ossuary_entry_catacombs,
          minmay_misc_feat_rugged

Skill      XL: |  1  2  3  4  5  6  7 |
---------------+----------------------+-----
Fighting       | 1 2 3 4 5 |  5.0
Spellcasting   | 4 5 |  5.6
Dodging        | |  2.1
Stealth        | |  1.5

Action                   |  1- 3 |  4- 6 |  7- 9 || total
-------------------------+-------+-------+-------++-------
Melee: Dagger            |     6 |     8 |       ||    14
       Flail             |       |    23 |     7 ||    30
 Cast: Magic Dart        |    97 |   137 |    16 ||   250
       Mephitic Cloud    |     1 |     4 |       ||     5
       Searing Ray       |       |    17 |    13 ||    30
 Stab: Confused          |     1 |       |       ||     1
       Sleeping          |       |     1 |       ||     1
Armor: Robe              |     5 |    15 |     9 ||    29
Dodge: Dodged            |    13 |    66 |    22 ||   101

Table legend: (Time is in decaauts)
 A = Elapsed time spent in this place.
 B = Non-inter-level travel time spent in this place.
 C = Inter-level travel time spent in this place.
 D = Time resting spent in this place.
 E = Time spent auto-exploring this place.
 F = Levels seen in this place.
 G = Mean time per level.
                   A        B        C        D        E       F      G
               +--------+--------+--------+--------+--------+-----+--------+
         Total |   8038 |   7881 |    157 |    850 |   5857 |   5 | 1607.6 |
       Dungeon |   8038 |   7881 |    157 |    850 |   5857 |   5 | 1607.6 |
               +--------+--------+--------+--------+--------+-----+--------+

Top non-repeatable levels by time:
     D:3: 2865 daAuts
     D:1: 1867 daAuts
     D:2: 1817 daAuts
     D:4: 971 daAuts
     D:5: 517 daAuts
